 Dungeon Crawl Stone Soup version 0.31.0-11-ge490571c62 (webtiles) character file.

Game seed: 9766149667171589406

32 qw the Shooter (level 3, -1/20 HPs)
             Began as a Deep Elf Hunter on Feb 3, 2024.
             Slain by Sigmund
             ... wielding a +0 scythe
              (6 damage)
             ... on level 3 of the Dungeon.
             The game lasted 00:00:05 (1471 turns).

qw the Shooter (Deep Elf Hunter)                    Turns: 1471, Time: 00:00:05

Health: -1/20      AC:  5    Str: 10    XL:     3   Next: 10%
Magic:  5/5        EV: 11    Int: 13    God:
Gold:   82         SH:  0    Dex: 18    Spells: 2/2 levels left

rFire   . . .        a - +1 shortbow
rCold   . . .        (shield currently unavailable)
rNeg    . . .        g - +0 ring mail
rPois   .            (no helmet)
rElec   .            (no cloak)
rCorr   .            (no gloves)
SInv    .            (no boots)
Will    .....        (no amulet)
Stlth   +            (no ring)
HPRegen 0.23/turn    (no ring)
MPRegen 0.09/turn

%: no passive effects
@: hasted, very quick
A: no striking features
a: no special abilities


You were on level 3 of the Dungeon.
You visited 1 branch of the dungeon, and saw 3 of its levels.

You collected 82 gold pieces.


   Skills:
 - Level 1.5 Fighting
 + Level 6.7 Ranged Weapons
 - Level 2.4 Dodging
 - Level 1.2 Stealth


You had 2 spell levels left.
You didn't know any spells.
Your spell library was empty.

Inventory:

Hand Weapons
 a - a +1 shortbow (weapon)
Armour
 g - a +0 ring mail (worn)
Scrolls
 b - a scroll of identify
Potions
 c - a potion of curing
 d - a potion of haste
 h - a potion of might {unknown}

Dungeon Overview and Level Annotations

Branches:
Dungeon (3/15)

Altars:

Annotations:
D:3 Sigmund


Message History

b - a scroll of identify Sigmund the Dreaded comes into view.
He is wielding a +0 scythe.
You see here 7 gold pieces.
1452 ||| DRINKING 2 potions of haste.
You feel yourself speed up.
Sigmund shouts!
Sigmund casts a spell at you. The puff of flame hits you!
Ouch! That really hurt!
1453 ||| FLEEEEING.
You start resting.
Sigmund is nearby!
You shoot an arrow.
The arrow hits Sigmund but does no damage.
You shoot an arrow. The arrow hits Sigmund.
Sigmund is lightly wounded.
Sigmund barely misses you.
You shoot an arrow. The arrow closely misses Sigmund.
You shoot an arrow. The arrow hits Sigmund.
Sigmund is lightly wounded.
Sigmund screams, "You will never...
NEVER!!!"
Sigmund gestures wildly while chanting.
Sigmund flickers and vanishes!
Deactivating autopickup; reactivate with Ctrl-A.
You shoot an arrow. You shoot an arrow. Something hits you but does no damage.
You shoot an arrow. Something hits you.
You shoot an arrow. You shoot an arrow. Something hits you.
You shoot an arrow. You shoot an arrow. Something hits you but does no damage.
You shoot an arrow. You shoot an arrow. Something hits you.
You shoot an arrow. Something hits you.
You die...

#####.......##.# .#
......<.######.###.#
######...........#.##
##.#......#....#
#.#..%........#
$...........##.#
###..#.#.#...#
....#.......#
.###.#.....@.# #
#..>..:..$#
#.#.##....{...@#
...#. #....###### ##
#. #....# .......
######.# #.# #.#


There were no monsters in sight!

Vanquished Creatures
  A ribbon worm (D:2)
  4 bats
  5 endoplasms
  2 giant cockroaches
  3 goblins
  2 hobgoblins (D:2)
  2 jackals (D:3)
  3 ball pythons
  3 frilled lizards
  A kobold (D:2)
  2 rats
28 creatures vanquished.

Notes
Turn   | Place    | Note
-------+----------+-------------------------------------------
     0 | D:1      | qw the Deep Elf Hunter began the quest for the Orb.
     0 | D:1      | Reached XP level 1. HP: 12/12 MP: 3/3
     0 | D:1      | 0 ||| qw: Version: 0.3-a-158-g18b3111
     0 | D:1      | 0 ||| qw: Game counter: 4167
     0 | D:1      | 0 ||| qw: Melee chars always use a shield: true
     0 | D:1      | 0 ||| qw: God list: Okawaru
     0 | D:1      | 0 ||| qw: Allow faded altars: false
     0 | D:1      | 0 ||| qw: Do Orc after clearing Dungeon:15 true
     0 | D:1      | 0 ||| qw: Do second Lair branch before Depths: true
     0 | D:1      | 0 ||| qw: Lair rune preference: random
     0 | D:1      | 0 ||| qw: Goals: Normal
     0 | D:1      | 0 ||| PLANNING D:1-11
    72 | D:1      | HP: 3/12 [goblin/+0 club (2)]
   425 | D:1      | Found a faded altar of an unknown god.
   536 | D:1      | Reached skill level 6 in Ranged Weapons
   536 | D:1      | Reached XP level 2. HP: 16/16 MP: 4/4
   861 | D:1      | 861 ||| UPGRADING to +0 ring mail.
   871 | D:1      | 871 ||| DROPPING +0 leather armour.
   872 | D:1      | 872 ||| READING scroll labelled ILE VAQAPRANT.
   872 | D:1      | 872 ||| ENCHANTING +0 shortbow.
   873 | D:1      | 873 ||| READING scroll labelled ROWYCEOR ELYOH.
   874 | D:1      | 874 ||| READING scroll labelled MYPARUUDIU.
   874 | D:1      | 874 ||| IDENTIFYING 2 coppery potions
   875 | D:1      | 875 ||| READING scroll labelled TEIGAU ITI JOA.
   876 | D:1      | 876 ||| DROPPING scroll of butterflies.
  1344 | D:2      | Reached XP level 3. HP: 20/20 MP: 5/5
  1404 | D:2      | 1404 ||| READING scroll of identify.
  1404 | D:2      | 1404 ||| IDENTIFYING glowing golden potion
  1405 | D:2      | 1405 ||| READING scroll labelled JYUHIOXTADIH.
  1406 | D:2      | 1406 ||| DRINKING 2 cyan potions.
  1407 | D:2      | 1407 ||| DROPPING potion of attraction.
  1451 | D:3      | Noticed Sigmund
  1452 | D:3      | 1452 ||| DRINKING 2 potions of haste.
  1453 | D:3      | 1453 ||| FLEEEEING.
  1470 | D:3      | HP: 5/20 [something (3)]
  1471 | D:3      | Slain by Sigmund

Levels and vault maps discovered:
D:1:      wander_arrival_lonely_grave, layout_basic,
          shapermc_ecumenical_altar_starsandcircs, corexii_hall_statues_u,
          hangedman_decor_opposing, minmay_misc_feat_tiny
D:2:      layout_basic, minmay_heptomino_h4
D:3:      layout_basic, lemuel_tele_altar, kennysheep_jessica_study,
          uniq_sigmund, uniq_grinder

Skill      XL: |  1 |
---------------+----+-----
Ranged Weapons | 6 |  6.7
Fighting       | |  1.5
Dodging        | |  2.4
Stealth        | |  1.2

Action                     || total
---------------------------++-------
   Fire: Shortbow          ||    77
    Use: Scroll            ||     6
         Potion            ||     2
 Armour: Leather armour    ||     3
         Ring mail         ||    11
  Dodge: Dodged            ||    13

Table legend:
 A = Non-vault XP
 B = Vault XP
 C = Vault XP percentage of total XP
 D = Non-vault monster count
 E = Vault monster count
 F = Vault count percentage of total count
                 A         B        C        D         E       F
            +---------+---------+-------+---------+---------+-------
      Total |      41 |       6 |  12.8 |      25 |       3 |  10.7
            +---------+---------+-------+---------+---------+-------
        D:1 |      13 |       0 |   0.0 |       8 |       0 |   0.0
        D:2 |      23 |       6 |  20.7 |      14 |       3 |  17.6
        D:3 |       5 |       0 |   0.0 |       3 |       0 |   0.0
            +---------+---------+-------+---------+---------+-------
